Map: Apotheosis LE

Players

Krillecool

  • Race: Protoss Protoss
  • League: Silver

Gracz - Winner!

  • Race: Zerg Zerg
  • League: Silver

VOD

Have the link to the VOD?

Description

Time

  • Played on: Oct. 27, 2016, 11:11 a.m.
  • Length: 21:07
Show
View Real Time Build Order
Export as new Build Order

Krillecool Protoss 

Build Orders:  

Get SALT Encoding   

  12  0:00  Probe (Chrono Boost)  
  13  0:11  Probe (Chrono Boost)  
  14  0:18  Pylon  
  14  0:22  Probe (Chrono Boost)  
  15  0:36  Probe (Chrono Boost)  
  15  0:40  Gateway  
  16  0:46  Probe (Chrono Boost)  
  17  0:55  Assimilator  
  17  1:01  Assimilator  
  17  1:03  Probe (Chrono Boost)  
  18  1:13  Probe (Chrono Boost)  
  19  1:20  Pylon  
  19  1:24  Probe (Chrono Boost)  
  20  1:28  Cybernetics Core  
  20  1:34  Gateway, Probe (Chrono Boost)  
  22  1:47  Probe (Chrono Boost)  
  22  1:57  Probe (Chrono Boost)  
  23  2:06  Gateway  
  23  2:08  Probe (Chrono Boost)  
  24  2:14  Forge  
  24  2:18  Probe (Chrono Boost)  
  27  2:22  Zealot  
  27  2:29  Probe (Chrono Boost)  
  28  2:36  Twilight Council  
  28  2:52  Pylon  
  28  2:56  Zealot  
  30  3:09  Pylon  
  30  3:10  Zealot x2  
  35  3:13  Probe (Chrono Boost)  
  35  3:22  Photon Cannon  
  35  3:23  Probe (Chrono Boost)  
  36  3:34  Probe (Chrono Boost)  
  37  3:43  Unknown, Nexus  
  37  3:44  Probe (Chrono Boost)  
  38  3:54  Photon Cannon  
  38  3:56  Warp Gate  
  38  4:03  Dark Shrine  
  38  4:19  Probe (Chrono Boost)  
  38  4:22  Assimilator  
  39  4:24  Assimilator  
  39  4:30  Probe (Chrono Boost)  
  40  4:40  Probe (Chrono Boost)  
  40  4:41  Photon Cannon  
  41  4:46  Stalker  
  41  4:47  Stalker  
  41  4:51  Probe (Chrono Boost)  
  46  4:55  Unknown  
  46  5:01  Templar Archives  
  46  5:02  Probe (Chrono Boost)  
  47  5:12  Probe (Chrono Boost)  
  48  5:15  Photon Cannon  
  48  5:20  Photon Cannon  
  48  5:22  Probe (Chrono Boost)  
  49  5:33  Probe (Chrono Boost)  
  50  5:43  Probe (Chrono Boost)  
  51  5:50  Robotics Facility  
  51  5:54  Probe (Chrono Boost)  
  52  6:01  Probe (Chrono Boost)  
  53  6:04  Probe (Chrono Boost)  
  54  6:12  Probe (Chrono Boost)  
  54  6:15  Probe (Chrono Boost)  
  54  6:17  Robotics Facility  
  56  6:19  Robotics Facility  
  56  6:22  Probe (Chrono Boost)  
  56  6:25  Dark Templar, Probe (Chrono Boost)  
  60  6:26  Dark Templar  
  62  6:40  Pylon  
  62  6:50  Pylon  
  62  6:52  Pylon  
  62  6:53  Pylon  
  62  6:56  Pylon  
  62  6:58  Probe x2 (Chrono Boost)  
  64  7:09  Probe (Chrono Boost)  
  65  8:05  Warp Prism  
  63  8:57  Pylon  
  63  8:58  Pylon  
  63  9:04  Pylon  
  63  9:06  Pylon  
  63  9:09  Pylon x2  
  63  9:12  Pylon x2  
  63  9:14  Pylon  
  63  9:16  Pylon  
  63  9:17  Pylon  
  63  9:18  Pylon  
  63  9:43  Immortal x3  
  75  10:01  Dark Templar x2  
  75  10:02  Dark Templar  
  75  10:40  Robotics Bay  
  75  10:41  Pylon x2  
  75  10:52  Gateway  
  75  10:54  Gateway  
  75  10:55  Gateway  
  75  10:59  Gateway  
  75  11:00  Gateway  
  75  11:04  Gateway  
  75  11:05  Gateway  
  75  11:10  Gateway  
  75  11:27  Colossus x3  
  93  12:08  Dark Templar  
  93  12:09  Dark Templar x3  
  93  12:10  Dark Templar x2  
  93  12:11  Dark Templar x2  
  93  12:12  Dark Templar  
  93  12:13  Dark Templar x2  
  109  13:26  Immortal x2  
  109  13:27  Immortal  
  117  13:55  High Templar x2  
  119  13:56  High Templar x2  
  119  13:57  High Templar x2  
  119  13:58  High Templar  
  119  13:59  High Templar x2  
  119  14:00  High Templar  
  119  14:01  High Templar  
  139  14:06  Immortal x3  
  139  14:07  Photon Cannon  
  151  14:11  Photon Cannon  
  151  14:12  Photon Cannon  
  151  14:16  Photon Cannon  
  151  14:20  Photon Cannon  
  151  14:25  Photon Cannon  
  151  14:27  Photon Cannon  
  151  14:33  Archon x2  
  151  14:34  Archon x3  
  151  14:48  Colossus x3  
  169  15:42  Warp Prism  
  171  15:45  Photon Cannon  
  152  16:28  Observer  
  13  17:58  Warp Prism  
  2  19:48  Zealot x2  
  2  19:49  Zealot x2  
  2  19:50  Zealot x2  
  2  19:51  Zealot  
  2  20:13  Zealot x2  
Show
View Real Time Build Order
Export as new Build Order

Gracz Zerg - Winner!

Build Orders: Hatch First, Lurkers 

Get SALT Encoding   

  12  0:02  Drone  
  13  0:08  Drone  
  14  0:19  Overlord  
  14  0:39  Drone x3  
  17  0:50  Drone  
  18  1:01  Drone  
  19  1:11  Unknown, Hatchery  
  19  1:12  Extractor  
  17  1:22  Spawning Pool  
  17  1:23  Drone x2  
  18  1:46  Drone x2  
  20  1:52  Unknown, Hatchery  
  20  2:00  Drone  
  21  2:20  Unknown, Queen, Hatchery  
  22  2:23  Overlord  
  22  2:40  Extractor  
  21  2:47  Overlord  
  21  2:53  Drone x2  
  23  3:04  Unknown, Drone  
  24  3:16  Queen  
  26  3:31  Unknown  
  26  3:36  Drone  
  26  3:38  Roach Warren  
  26  3:39  Drone x8  
  34  3:45  Queen  
  34  3:48  Zergling x4  
  38  4:02  Queen  
  40  4:10  Evolution Chamber  
  40  4:12  Evolution Chamber, Drone x2  
  40  4:20  Roach x4  
  48  4:30  Pneumatized Carapace  
  48  4:42  Overlord  
  48  4:55  Lair  
  48  5:04  Zergling x20  
  58  5:10  Overlord x3  
  58  5:24  Overlord x2  
  58  5:39  Drone x2  
  58  5:40  Drone x8  
  68  5:55  Zerg Ground Armor Level 1  
  68  5:56  Zerg Melee Weapons Level 1  
  68  5:58  Metabolic Boost  
  68  6:02  Glial Reconstitution  
  68  6:05  Roach  
  68  6:06  Roach  
  72  6:12  Drone  
  72  6:13  Drone x5  
  78  6:31  Overlord x2  
  78  6:52  Hydralisk Den  
  77  6:55  Spire  
  77  6:58  Drone x3, Infestation Pit  
  78  7:16  Roach x2  
  78  7:17  Roach x12  
  78  7:21  Drone x3  
  109  7:24  Extractor  
  109  7:27  Extractor  
  107  7:33  Overseer x2  
  92  8:17  Drone  
  92  8:18  Drone x12  
  105  8:47  Extractor  
  104  9:00  Spore Crawler  
  104  9:02  Spore Crawler  
  102  9:06  Spore Crawler  
  102  9:07  Spore Crawler  
  100  9:12  Hive  
  100  9:13  Lurker Den  
  100  9:18  Zerg Ground Armor Level 2  
  100  9:24  Drone  
  100  9:25  Drone x10  
  111  9:52  Extractor  
  110  10:03  Overseer x3  
  110  10:04  Overlord  
  110  10:05  Overlord x3  
  110  10:06  Overlord  
  110  10:07  Unknown, Hatchery  
  110  10:11  Zerg Melee Weapons Level 2  
  103  10:41  Greater Spire  
  103  10:43  Muscular Augments  
  103  10:45  Adrenal Glands  
  103  10:46  Hydralisk  
  103  10:47  Hydralisk x7  
  119  10:50  Zergling x2  
  119  10:51  Zergling x8  
  124  11:10  Zergling x2  
  127  11:11  Zergling x8  
  127  11:17  Unknown, Hatchery  
  128  11:19  Unknown  
  128  11:30  Drone x3  
  128  11:31  Drone x13  
  144  11:36  Lurker x5  
  144  11:37  Lurker x2  
  152  11:40  Lurker  
  152  11:52  Extractor  
  151  11:55  Extractor  
  150  12:01  Extractor  
  150  12:04  Extractor  
  150  12:05  Corruptor  
  150  12:06  Corruptor x3  
  150  12:08  Overlord x2  
  156  12:24  Zerg Flyer Weapons Level 1  
  156  12:28  Unknown  
  156  12:30  Drone x4  
  156  12:34  Drone x2  
  156  12:35  Drone x8  
  170  12:50  Ultralisk Cavern  
  169  12:51  Zerg Melee Weapons Level 3  
  169  12:53  Zerg Ground Armor Level 3  
  169  12:57  Zergling x2  
  169  12:58  Zergling x24  
  182  13:00  Overlord x3  
  178  13:39  Drone  
  178  13:40  Drone x2  
  181  13:48  Spore Crawler  
  180  14:03  Drone, Spore Crawler x2  
  180  14:04  Drone x9  
  180  14:08  Brood Lord x4  
  196  14:20  Spine Crawler  
  196  14:22  Spine Crawler  
  194  14:31  Spine Crawler  
  194  14:32  Ultralisk  
  194  14:33  Spine Crawler  
  198  14:38  Spine Crawler  
  198  14:43  Spine Crawler  
  196  14:47  Spine Crawler  
  195  14:53  Spine Crawler  
  195  14:55  Ultralisk  
  200  15:06  Chitinous Plating  
  200  15:12  Zerg Flyer Weapons Level 2  
  130  16:17  Corruptor  
  130  16:18  Corruptor x14  
  126  16:20  Ultralisk  
  160  17:03  Overseer x3  
  151  17:13  Hydralisk x6  
  151  17:14  Hydralisk x5  
  151  17:15  Zergling x8  
  146  18:04  Hydralisk x3  
  146  18:05  Hydralisk  
  154  18:06  Zergling x4  
  154  18:07  Zergling x16  
  154  18:08  Zergling x2  
  165  18:49  Lurker  
Tags
 
Add a new tag
Caveats
  • Supply blocks, unpowered buildings, or Contaminate may cause inaccurate times.
  • Supply counts are checked every 10 seconds.